Map: Orbital Shipyard

Players

HuShang

  • Race: Protoss Protoss
  • League: Master

State - Winner!

  • Race: Protoss Protoss
  • League: Master

VOD

Have the link to the VOD?

Description

Time

  • Played on: Feb. 1, 2016, 4:32 p.m.
  • Length: 7:21
Show
View Real Time Build Order
Export as new Build Order

HuShang Protoss 

Build Orders: 1 Gate Expand, Blink Stalkers 

Get SALT Encoding   

  12  0:01  Probe (Chrono Boost)  
  13  0:11  Probe (Chrono Boost)  
  14  0:17  Pylon  
  14  0:22  Probe (Chrono Boost)  
  15  0:36  Probe (Chrono Boost)  
  15  0:37  Gateway  
  16  0:43  Assimilator  
  16  0:46  Probe (Chrono Boost)  
  18  0:57  Probe (Chrono Boost)  
  18  1:07  Probe (Chrono Boost)  
  19  1:19  Nexus  
  19  1:30  Cybernetics Core  
  19  1:33  Probe (Chrono Boost)  
  19  1:38  Assimilator  
  20  1:43  Probe (Chrono Boost)  
  22  1:54  Probe (Chrono Boost)  
  22  2:04  Probe (Chrono Boost)  
  22  2:07  Warp Gate  
  23  2:10  Pylon  
  23  2:27  Twilight Council  
  23  2:28  Probe, Stalker (Chrono Boost)  
  26  2:30  Probe  
  27  2:41  Pylon  
  27  2:43  Mothership Core, Probe  
  30  2:54  Probe  
  30  2:55  Stalker (Chrono Boost)  
  33  3:04  Probe x2  
  35  3:16  Probe  
  35  3:18  Probe  
  37  3:21  Stalker (Chrono Boost)  
  39  3:27  Probe  
  39  3:30  Probe  
  41  3:38  Probe  
  42  3:42  Probe  
  42  3:45  Gateway  
  42  3:46  Gateway  
  42  3:48  Probe  
  41  3:52  Blink (Chrono Boost)  
  41  3:54  Probe  
  42  3:58  Pylon  
  42  3:59  Probe  
  43  4:06  Probe  
  43  4:09  Probe  
  44  4:12  Stalker  
  47  4:18  Probe  
  47  4:20  Probe  
  48  4:30  Probe x2  
  48  4:38  Robotics Facility  
  49  4:41  Probe  
  49  4:42  Stalker x2  
  49  4:43  Probe  
  49  4:44  Stalker  
  57  4:49  Assimilator  
  57  4:50  Assimilator  
  57  4:51  Probe  
  57  4:55  Probe  
  59  5:02  Pylon, Probe  
  59  5:05  Pylon  
  59  5:07  Probe  
  59  5:12  Probe  
  58  5:19  Probe  
  58  5:20  Stalker x2  
  58  5:21  Stalker  
  65  5:23  Probe  
  66  5:31  Probe  
  66  5:33  Probe  
  68  5:41  Nexus  
  68  5:43  Probe  
  68  5:44  Probe  
  68  5:49  Warp Prism (Chrono Boost)  
  70  5:55  Probe x2  
  70  5:56  Stalker x2  
  78  6:01  Forge  
  78  6:15  Pylon  
  78  6:16  Pylon  
  78  6:29  Immortal (Chrono Boost)  
  78  6:33  Probe x2  
  84  6:45  Probe x2  
  84  6:46  Gateway x2  
  86  6:49  Gateway  
  86  6:51  Dark Shrine  
  86  6:54  Pylon  
  86  6:55  Pylon  
Show
View Real Time Build Order
Export as new Build Order

State Protoss - Winner!

Build Orders: 1 Gate Expand, Oracle Opening 

Get SALT Encoding   

  12  0:00  Probe (Chrono Boost)  
  13  0:11  Probe (Chrono Boost)  
  14  0:16  Pylon  
  14  0:22  Probe (Chrono Boost)  
  15  0:35  Probe (Chrono Boost)  
  16  0:36  Gateway  
  16  0:42  Assimilator  
  16  0:45  Probe (Chrono Boost)  
  17  0:56  Probe (Chrono Boost)  
  18  1:06  Probe (Chrono Boost)  
  19  1:18  Nexus  
  19  1:22  Probe (Chrono Boost)  
  20  1:32  Cybernetics Core  
  20  1:35  Probe (Chrono Boost)  
  21  1:40  Assimilator  
  21  1:45  Probe (Chrono Boost)  
  22  1:51  Pylon  
  22  1:56  Probe (Chrono Boost)  
  23  2:09  Adept  
  23  2:10  Mothership Core (Chrono Boost)  
  23  2:14  Warp Gate  
  27  2:28  Probe (Chrono Boost)  
  28  2:30  Pylon  
  28  2:31  Probe (Chrono Boost)  
  29  2:37  Adept (Chrono Boost)  
  29  2:39  Probe  
  29  2:41  Probe  
  33  2:49  Stargate  
  33  2:51  Probe x2  
  35  3:03  Probe x2 (Chrono Boost)  
  35  3:04  Adept (Chrono Boost)  
  39  3:14  Probe x2 (Chrono Boost)  
  41  3:23  Robotics Facility  
  41  3:24  Probe (Chrono Boost)  
  41  3:25  Probe (Chrono Boost)  
  43  3:35  Probe x2 (Chrono Boost)  
  43  3:37  Oracle (Chrono Boost)  
  48  3:44  Probe  
  48  3:45  Probe  
  48  3:50  Gateway  
  48  3:51  Pylon  
  48  3:55  Probe  
  48  3:57  Gateway  
  48  3:58  Probe  
  48  4:00  Gateway  
  50  4:10  Probe  
  50  4:11  Observer (Chrono Boost), Pylon  
  52  4:18  Probe  
  52  4:19  Assimilator  
  52  4:20  Pylon  
  52  4:22  Probe  
  54  4:25  Assimilator, Oracle (Chrono Boost)  
  58  4:34  Probe  
  58  4:40  Nexus  
  58  4:41  Probe  
  58  4:46  Immortal  
  58  4:48  Probe  
  61  4:53  Twilight Council  
  61  4:57  Pylon  
  62  5:00  Probe  
  62  5:01  Probe  
  63  5:13  Probe x2  
  68  5:25  Blink (Chrono Boost), Probe  
  68  5:28  Immortal  
  69  5:29  Gateway x2  
  73  5:38  Forge  
  73  5:39  Pylon  
  70  5:44  Stalker, Sentry  
  74  5:52  Pylon  
  74  5:54  Pylon  
  74  5:55  Pylon, Probe  
  74  5:56  Probe x2  
  77  6:05  Probe  
  77  6:07  Warp Prism  
  77  6:08  Probe x2  
  80  6:18  Probe  
  83  6:23  Stalker x2, Sentry x2  
  90  6:27  Probe x2  
  90  6:28  Pylon  
  90  6:29  Pylon  
  90  6:30  Probe  
  93  6:37  Pylon  
  93  6:39  Probe x2  
  95  6:40  Stalker  
  95  6:41  Stalker  
  95  6:44  Probe  
  100  6:49  Stalker x3  
  100  6:52  Stalker  
  108  7:17  Stalker x2  
  108  7:18  Stalker x4  
Tags
 
Add a new tag
Caveats
  • Supply blocks, unpowered buildings, or Contaminate may cause inaccurate times.
  • Supply counts are checked every 10 seconds.